 Dungeon Crawl Stone Soup version 0.27-a0-1242-ge70438ac7b (webtiles) character file.

Game seed: 3787300035488903540

1234 Glokmah the Charlatan (level 8, -8/60 HPs)
             Began as a Demonspawn Artificer on June 9, 2021.
             Mangled by a two-headed ogre
             ... wielding a +0 dire flail
              (16 damage)
             ... on level 5 of the Dungeon.
             The game lasted 00:12:39 (6238 turns).

Glokmah the Charlatan (Demonspawn Artificer)        Turns: 6238, Time: 00:12:40

Health: -8/60      AC: 14    Str: 14    XL:     8   Next: 24%
Magic:  1/12       EV: 12    Int: 12    God:
Gold:   199        SH:  4    Dex: 15    Spells: 8/12 levels left

rFire    . . .     SeeInvis .   a - +3 trident (venom)
rCold    . . .     Faith    .   (no shield)
rNeg     . . .     Spirit   .   u - +0 leather armour {rPois}
rPois    +         Reflect  .   (helmet restricted)
rElec    .         Harm     .   (no cloak)
rCorr    .         Rampage  .   (no gloves)
Will     .....                  x - +1 pair of boots
Stlth    +.........             (no amulet)
HPRegen  0.20/turn              (no ring)
MPRegen  0.13/turn              (no ring)

@: sanguine armoured
A: antennae 1, demonic guardian 1, sanguine armour 2, condensation shield
a: no special abilities


You were on level 5 of the Dungeon.
You visited 1 branch of the dungeon, and saw 5 of its levels.

You collected 199 gold pieces.

Inventory:

Hand Weapons
 a - a +3 trident of venom (weapon)
 b - a +2 falchion of venom
 h - a +0 hunting sling
 n - a +0 whip
 t - a +0 long sword
Missiles
 i - 144 stones
 o - 4 poisoned darts (quivered)
 p - 8 silver boomerangs
 r - 5 boomerangs
Armour
 u - a +0 leather armour of poison resistance (worn)
 x - a +1 pair of boots (worn)
Wands
 c - a wand of flame (7)
 d - a wand of charming (13)
 w - a wand of digging (3)
Scrolls
 g - a scroll of brand weapon
 j - 3 scrolls of identify
 s - a scroll of teleportation
 v - a scroll of immolation {unknown}
Potions
 f - 2 potions of brilliance
 k - a potion of haste {unknown}
 l - 2 potions of curing
 m - a potion of heal wounds
 q - 2 potions of might
 z - 2 potions of magic
 A - a potion of attraction {unknown}
 B - a potion of degeneration {unknown}
Miscellaneous
 e - a piece from Xom's chessboard (12/15)


   Skills:
 + Level 3.7 Fighting
 - Level 1.0 Long Blades
 - Level 1.7 Armour
 + Level 3.4 Dodging
 - Level 0.8 Stealth
 + Level 2.8 Spellcasting
 * Level 4.6 Summonings
 + Level 1.2 Translocations
 * Level 6.1 Evocations


You had 8 spell levels left.
You knew the following spells:

 Your Spells              Type           Power      Damage    Failure   Level
a - Call Imp              Summ           12%        N/A       7%          2
b - Blink                 Tloc           N/A        N/A       28%         2

Your spell library contained the following spells:

 Spells                   Type           Power      Damage    Failure   Level
 Summon Small Mammal      Summ           48%        N/A       4%          1
 Call Canine Familiar     Summ           12%        N/A       14%         3
 Animate Skeleton         Necr           2%         N/A       30%         1
 Pain                     Necr           4%         1d4       30%         1
 Summon Guardian Golem    Hex/Summ       7%         N/A       34%         3
 Gell's Gravitas          Tloc           2%         N/A       50%         3
 Lesser Beckoning         Tloc           2%         N/A       50%         3
 Teleport Other           Tloc           4%         N/A       50%         3
 Vampiric Draining        Necr           0%         2d6       67%         3
 Summon Ice Beast         Ice/Summ       7%         N/A       75%         4
 Summon Lightning Spire   Summ/Air       7%         N/A       75%         4
 Animate Dead             Necr           0%         N/A       97%         4
 Manifold Assault         Tloc           4%         N/A       99%         5
 Agony                    Necr           1%         N/A       100%        5


Dungeon Overview and Level Annotations

Branches:
Dungeon (5/15)
 Temple: D:4-7

Altars:

Annotations:
D:4 1 runed translucent door


Innate Abilities, Weirdness & Mutations

You have a pair of small antennae on your head.
A weak demonic guardian rushes to your aid.
When seriously injured, your bleeding wounds create thick armour. (AC +9)
A meltable shield of frost defends you. (SH +4)


Message History

You throw a poisoned dart.
The poisoned dart hits the two-headed ogre.
The two-headed ogre is moderately wounded.
Throw: 6 darts (poison)
Press: ? - help, Q - select action, (/) - cycle Shift-Dir - straight line, f/p - two-headed ogre
Aim: a two-headed ogre, wielding two +0 dire flails (moderately wounded, poisoned, 74% to hit)
You throw a poisoned dart.
The poisoned dart barely misses the two-headed ogre.
Throw: 5 darts (poison)
Press: ? - help, Q - select action, (/) - cycle Shift-Dir - straight line, f/p - two-headed ogre
Aim: a two-headed ogre, wielding two +0 dire flails (moderately wounded, poisoned, 74% to hit)
You throw a poisoned dart.
The poisoned dart hits the two-headed ogre.
The two-headed ogre looks even sicker.
The two-headed ogre is moderately wounded.
The two-headed ogre looks more healthy.
There is a stone staircase leading up here.
Casting: Blink (dangerous; 28% risk of failure)
Confirm with . or Enter, or press ? or * to list all spells.
You blink.
Casting: Blink (dangerous; 28% risk of failure)
Confirm with . or Enter, or press ? or * to list all spells.
You blink.
You block the two-headed ogre's attack. The two-headed ogre barely misses you.
Unknown command.
Casting: Blink (dangerous; 28% risk of failure)
Confirm with . or Enter, or press ? or * to list all spells.
You blink.
Casting: Blink (dangerous; 28% risk of failure)
Confirm with . or Enter, or press ? or * to list all spells.
You blink.
You block the two-headed ogre's attack.
The two-headed ogre hits you with a +0 dire flail!
* * * LOW HITPOINT WARNING * * *
A demonic guardian appears!
Unknown command.
Okay, then.
The two-headed ogre hits you with a +0 dire flail.
* * * LOW HITPOINT WARNING * * *
The two-headed ogre hits you with a +0 dire flail!
You die...

#.....##.##############.#########
.....###.........................
########.##############.#######.#
.........#...O...#....#.# #.#
.<.......#.#####.#.##.#.# #.#
#.########.# #.#....#.# #(#
#......O.O.# #.#.####.# #.#
############ #5#......# #(#
##@##############(#
#.§O.............(#
###################


You could see a two-headed ogre (ally target) and a friendly white imp
(summoned).

Vanquished Creatures
  Eustachio (D:4)
  The ghost of philipeq the Skirmisher, an amateur DsFi (D:3)
  An ogre (D:5)
  A centaur (D:5)
  A phantom (D:4)
  2 scorpions (D:4)
  A hound (D:5)
  A centaur skeleton (D:5)
  A gnoll shaman (D:5)
  An orc priest (D:5)
  A hound zombie (D:5)
  A gnoll (D:5)
  6 adders
  A white imp (D:5)
  An adder skeleton (D:4)
  A dart slug (D:2)
  6 orcs
  2 bats (D:1)
  8 endoplasms
  2 giant cockroaches
  2 goblins (D:4)
  A hobgoblin (D:4)
  11 jackals
  2 kobolds
  4 quokkas
  6 ball pythons
  A frilled lizard (D:1)
  5 rats
72 creatures vanquished.

Vanquished Creatures (collateral kills)
  The ghost of Delamore the Poker, a novice FoFi of Gozag (D:4)
  An ogre (D:5)
  A necrophage (D:5)
  A water moccasin zombie (D:5)
  2 hounds (D:4)
  An orc wizard (D:5)
  Ijyb (D:4)
  A howler monkey zombie (D:5)
  An adder (D:5)
  2 gnolls (D:5)
  A worm (D:4)
  4 orcs
  An endoplasm (D:4)
  2 giant cockroaches (D:4)
  A kobold (D:4)
21 creatures vanquished.

Vanquished Creatures (others)
  An orc (D:4)
1 creature vanquished.

Grand Total: 94 creatures vanquished

Notes
Turn   | Place    | Note
-------+----------+-------------------------------------------
     0 | D:1      | Glokmah the Demonspawn Artificer began the quest for the
                  | Orb.
     0 | D:1      | Reached XP level 1. HP: 15/15 MP: 1/1
    73 | D:1      | Reached skill level 1 in Dodging
   596 | D:1      | Gained mutation: When seriously injured, your bleeding
                  | wounds create armour. (AC +9) [demonic ancestry]
   596 | D:1      | Reached XP level 2. HP: 21/21 MP: 2/2
   954 | D:1      | You fall into a shaft and drop 1 floor!
  1427 | D:2      | Gained mutation: A weak demonic guardian rushes to your
                  | aid. [demonic ancestry]
  1427 | D:2      | Reached XP level 3. HP: 27/27 MP: 3/3
  1796 | D:2      | Learned a level 2 spell: Call Imp
  2339 | D:3      | Found a large runed translucent door.
  2340 | D:3      | Found a large runed translucent door.
  2343 | D:3      | Noticed philipeq's ghost (amateur DsFi)
  2613 | D:3      | You fall into a shaft and drop 1 floor!
  2620 | D:4      | Reached skill level 4 in Evocations
  2620 | D:4      | Gained mutation: A meltable shield of frost defends you.
                  | (SH +4) [demonic ancestry]
  2620 | D:4      | Reached XP level 4. HP: 23/33 MP: 4/4
  2636 | D:4      | Reached skill level 1 in Summonings
  2640 | D:4      | Noticed a scorpion
  2644 | D:4      | Killed a scorpion
  2645 | D:4      | Gained mutation: When seriously injured, your bleeding
                  | wounds create thick armour. (AC +9) [demonic ancestry]
  2645 | D:4      | Reached XP level 5. HP: 17/38 MP: 4/6
  2900 | D:4      | Reached skill level 1 in Spellcasting
  2911 | D:4      | Found a runed translucent door.
  2915 | D:4      | Noticed Delamore's ghost (novice FoFi)
  3019 | D:4      | Noticed Eustachio
  3048 | D:4      | Killed Eustachio
  3049 | D:4      | Gained mutation: You have a pair of small antennae on your
                  | head. [demonic ancestry]
  3049 | D:4      | Reached XP level 6. HP: 37/46 MP: 3/8
  3122 | D:4      | Noticed Ijyb
  3135 | D:4      | Killed Ijyb
  3859 | D:3      | Killed philipeq's ghost
  3860 | D:3      | Reached skill level 5 in Evocations
  4245 | D:4      | Reached skill level 1 in Long Blades
  4245 | D:4      | Reached XP level 7. HP: 47/51 MP: 3/9
  4361 | D:4      | Found a runed translucent door.
  4425 | D:4      | Killed Delamore's ghost
  4437 | D:4      | Learned a level 2 spell: Blink
  4782 | D:5      | Entered Level 5 of the Dungeon
  5232 | D:5      | Reached XP level 8. HP: 36/58 MP: 9/11
  5429 | D:5      | Noticed a two-headed ogre
  5583 | D:5      | Reached skill level 1 in Translocations
  5684 | D:5      | Reached skill level 6 in Evocations
  6238 | D:5      | Mangled by a two-headed ogre

Illustrated notes

Levels and vault maps discovered:
D:1:      dpeg_arrival_connections, layout_rooms
D:2:      layout_basic
D:3:      layout_rooms, ebering_ghost_disaster_area, minmay_fountain_box
D:4:      layout_cave_pools, ebering_ghost_sewer_f, uniq_ijyb, uniq_eustachio,
          uniq_crazy_yiuf_cottage
D:5:      layout_basic

Skill      XL: |  1  2  3  4  5  6  7  8 |
---------------+-------------------------+-----
Dodging        | 1 2 3 |  3.4
Fighting       | 2 3 |  3.7
Evocations     | 4 5 6 |  6.1
Summonings     | 1 2 3 4 |  4.6
Spellcasting   | 1 2 |  2.8
Long Blades    | 1 |  1.0
Translocations | 1 |  1.2
Armour         | |  1.7
Stealth        | |  0.8

Action                   |  1- 3 |  4- 6 |  7- 9 || total
-------------------------+-------+-------+-------++-------
Melee: Long sword        |   113 |     5 |       ||   118
       Trident           |       |    81 |    87 ||   168
       Falchion          |       |     2 |       ||     2
Throw: Dart              |       |       |    14 ||    14
 Cast: Call Imp          |       |    19 |    32 ||    51
       Blink             |       |       |     6 ||     6
Evoke: Wand              |       |     6 |     4 ||    10
       Piece from Xom's  |       |     1 |     5 ||     6
  Use: Potion            |     1 |       |       ||     1
       Scroll            |       |     2 |     8 ||    10
 Stab: Sleeping          |     1 |       |     1 ||     2
       Distracted        |       |     1 |     2 ||     3
       Petrified         |       |       |     2 ||     2
Armor: Leather armour    |    65 |    23 |    23 ||   111
Dodge: Dodged            |   100 |    51 |    54 ||   205
Block: Other             |       |    14 |    20 ||    34
       Rpst.: Long sword |    29 |     2 |       ||    31
       Falchion          |       |     1 |       ||     1

Table legend: (Time is in decaauts)
 A = Elapsed time spent in this place.
 B = Non-inter-level travel time spent in this place.
 C = Inter-level travel time spent in this place.
 D = Time resting spent in this place.
 E = Time spent auto-exploring this place.
 F = Levels seen in this place.
 G = Mean time per level.
                   A        B        C        D        E       F      G
               +--------+--------+--------+--------+--------+-----+--------+
         Total |   6353 |   6111 |    242 |    412 |   4425 |   5 | 1270.6 |
       Dungeon |   6353 |   6111 |    242 |    412 |   4425 |   5 | 1270.6 |
               +--------+--------+--------+--------+--------+-----+--------+

Top non-repeatable levels by time:
     D:4: 1743 daAuts
     D:5: 1376 daAuts
     D:2: 1295 daAuts
     D:1: 1077 daAuts
     D:3: 859 daAuts
